AoeStats
← danjo

African Clearing

506812549Analyzed
4v4 RM · 18d ago on Sep 15, 2026· 27m 9s· 8 players
Game mode
Random Map
Map size
Large (8 player)
Population
200
Speed
Normal
Resources
Standard
Victory
Conquest
Starting age
Dark Age
Ending age
Imperial Age
RankedLock teamsTeams togetherTeam positionsShared explorationLock speedFull tech treeHidden civsTurbo modeCheats
Victory
Defeat
🇳🇱 Persians · Netherlands
1128
+15
1124
+15
🇦🇺 Gurjaras · Australia
1095
+16
🇨🇳 Huns · China
1093
+16
🇹🇼 Mapuche · Taiwan
1158
-17
🇩🇪 Malians · Germany
1127
-17
🇩🇪 Ethiopians · Germany
1056
-14
🇩🇪 Teutons · Germany
1052
-14
Miyamoto
5:10 Loom
14:32 Feudal Age
19:06 Castle Age
17:00 Double-Bit Axe
17:03 Horse Collar
19:04 Bloodlines
19:05 Scale Barding Armor
19:38 Husbandry
美团外卖总教练
6:45 Loom
18:13 Feudal Age
18:50 Man-at-Arms
19:15 Arson
20:21 Wheelbarrow
21:36 Scale Mail Armor
21:47 Forging
22:32 Gold Mining
Jimi
7:16 Loom
13:44 Feudal Age
18:53 Castle Age
16:54 Double-Bit Axe
17:20 Scale Barding Armor
17:22 Horse Collar
18:55 Bloodlines
21:42 Forging
波波菜FV
5:24 Loom
17:37 Feudal Age
18:53 Horse Collar
21:48 Castle Age
20:00 Gold Mining
20:03 Double-Bit Axe
23:17 Bow Saw
23:10 Heavy Plow
23:55 Stone Mining
aYce Slide4285
11:07 Loom
13:34 Feudal Age
18:12 Castle Age
21:50 Double-Bit Axe
wzd27
5:07 Loom
15:28 Feudal Age
16:10 Double-Bit Axe
21:44 Scale Mail Armor
danjo
11:55 Loom
14:07 Feudal Age
17:55 Castle Age
17:09 Scale Barding Armor
17:16 Forging
24:12 Pikeman
Sky_Too Meow
5:00 Loom
15:47 Feudal Age
20:02 Castle Age
17:56 Double-Bit Axe
18:17 Padded Archer Armor
19:16 Fletching
19:52 Gold Mining
19:46 Horse Collar
22:43 Elite Skirmisher
Connection lost

Rejoining the realm…

Still unreachable

The connection could not be restored.

Session expired

The server has moved on; the page needs a fresh start.